 Dungeon Crawl Stone Soup version 0.27.1 (webtiles) character file.

Game seed: 3942585138316351859

25 Thatpatchoflichen the Skirmisher (level 2, -4/27 HPs)
             Began as a Minotaur Monk on Aug 22, 2021.
             Slain by a scorpion (6 damage)
             ... on level 2 of the Dungeon.
             The game lasted 00:02:32 (1138 turns).

Thatpatchoflichen the Skirmisher (Minotaur Monk)    Turns: 1138, Time: 00:02:33

Health: -4/27      AC:  2    Str: 15    XL:     2   Next: 82%
Magic:  1/1        EV: 13    Int:  7    God:
Gold:   21         SH:  0    Dex: 12    Spells: 1/1 levels left

rFire    . . .     SeeInvis .   a - +0 spear
rCold    . . .     Faith    .   (no shield)
rNeg     . . .     Spirit   .   b - +0 robe
rPois    .         Reflect  .   (helmet restricted)
rElec    .         Harm     .   (no cloak)
rCorr    .         Rampage  .   (no gloves)
Will     .....                  (no boots)
Stlth    ++........             j - amulet of the acrobat
HPRegen  0.09/turn              (no ring)
MPRegen  0.07/turn              (no ring)

@: lethally poisoned (-4 -> -8)
A: horns 2, retaliatory headbutt
a: no special abilities


You were on level 2 of the Dungeon.
You visited 1 branch of the dungeon, and saw 2 of its levels.

You collected 21 gold pieces.

Inventory:

Hand Weapons
 a - a +0 spear (weapon)
Missiles
 c - 49 stones (quivered)
 d - 16 sling bullets
 k - 2 javelins
 l - 18 arrows
Armour
 b - a +0 robe (worn)
 e - a +0 plate armour
Jewellery
 j - an amulet of the acrobat (around neck)
Scrolls
 f - a scroll of vulnerability {unknown}
 g - 3 scrolls of identify {unknown}
 i - a scroll of blinking {unknown}
Potions
 h - a potion of curing {unknown}


   Skills:
 + Level 4.0 Fighting
 + Level 3.6 Polearms
 * Level 1.9 Armour
 + Level 3.6 Dodging
 - Level 1.5 Stealth


You had one spell level left.
You didn't know any spells.
Your spell library contained the following spells:

 Spells                   Type           Power      Damage    Failure   Level
 Gell's Gravitas          Tloc           0%         N/A       80%         3
 Lesser Beckoning         Tloc           0%         N/A       80%         3
 Teleport Other           Tloc           0%         N/A       80%         3


Dungeon Overview and Level Annotations

Branches:
Dungeon (2/15)

Altars:


Innate Abilities, Weirdness & Mutations

You have a pair of horns on your head.
You reflexively headbutt those who attack you in melee.


Message History

You hit the quokka.
The quokka is heavily wounded.
The quokka bites you.
You hit the quokka.
You kill the quokka!
You see here a quokka corpse.
l - 18 arrows HP restored.
You open the door.
There is an open door here.
A scorpion comes into view.
Found a ring mail.
The scorpion completely misses you.
You hit the scorpion but do no damage. The scorpion barely misses you.
You furiously retaliate!
You headbutt the scorpion, but do no damage.
You hit the scorpion.
The scorpion is lightly wounded.
The scorpion stings you.
You are poisoned.
The scorpion poisons you!
You closely miss the scorpion.
The scorpion is lightly wounded.
You feel very sick. The scorpion stings you.
You completely miss the scorpion.
The scorpion is lightly wounded.
You feel sick. The scorpion stings you.
You hit the scorpion but do no damage.
The scorpion is lightly wounded.
You feel sick. The scorpion stings you.
You closely miss the scorpion. Your headbutt misses the scorpion.
The scorpion is lightly wounded.
You feel sick. The scorpion closely misses you. The scorpion stings you.
* * * LOW HITPOINT WARNING * * *
You hit the scorpion but do no damage. Your headbutt misses the scorpion.
The scorpion is lightly wounded.
* * * LOW HITPOINT WARNING * * *
You feel sick. The scorpion stings you.
You die...

#.......#.###.#######
#......†.....<.......
#
#####'#.#.##########.
# #.#.#.# # # #.#.#..
# ##..###.#.#### #
........#.. .
###.###.####### #
......s@(.[....
####.##.####### # #.#
#.# ..# ..# ..# ##.
...# .. ##.


You could see a scorpion.

Vanquished Creatures
  A dart slug (D:1)
  A ball python (D:1)
  2 bats (D:1)
  3 endoplasms (D:1)
  A giant cockroach (D:1)
  3 goblins (D:1)
  A hobgoblin (D:1)
  2 kobolds (D:1)
  5 quokkas
19 creatures vanquished.

Notes
Turn   | Place    | Note
-------+----------+-------------------------------------------
     0 | D:1      | Thatpatchoflichen the Minotaur Monk began the quest for the
                  | Orb.
     0 | D:1      | Reached XP level 1. HP: 19/19 MP: 0/0
   229 | D:1      | Reached skill level 1 in Armour
   229 | D:1      | Reached XP level 2. HP: 26/27 MP: 1/1
   405 | D:1      | Reached skill level 4 in Fighting
  1130 | D:2      | Noticed a scorpion
  1138 | D:2      | Slain by a scorpion

Illustrated notes

Levels and vault maps discovered:
D:1:      minmay_arrival_solitary_statue, layout_loops_cross
D:2:      layout_basic, shapermc_ecumenical_altar_ellora, basic_altar

Skill      XL: |  1  2 |
---------------+-------+-----
Armour         | 1 |  1.9
Fighting       | 4 |  4.0
Polearms       | |  3.6
Dodging        | |  3.6
Stealth        | |  1.5

Action                   || total
-------------------------++-------
Melee: Spear             ||    47
       Headbutt          ||     8
Armor: Robe              ||    10
Dodge: Dodged            ||    32
